 Dungeon Crawl Stone Soup version 0.31-a0-986-g5e6e4ef867 (webtiles) character file.

Game seed: 16864109414545737669

7074 sammy202020 the Mimic (level 11, -8/89 HPs)
             Began as a Merfolk Shapeshifter on Nov 9, 2023.
             Was an Initiate of Gozag.
             Killed from afar by a hell hog (29 damage)
             ... with a fireball
             ... on level 2 of the Abyss.
             The game lasted 00:15:26 (8541 turns).

sammy202020 the Mimic (Merfolk Shapeshifter)        Turns: 8541, Time: 00:15:26

Health: -8/89      AC: 12    Str: 20    XL:     11   Next: 9%
Magic:  11/11      EV: 14    Int: 11    God:    Gozag
Gold:   691        SH:  5    Dex: 13    Spells: 10/10 levels left

rFire   . .          .
                       - Unarmed
rCold   . . .        (shield currently unavailable)
rNeg    . . .        B - +2 swamp dragon scales
rPois   +            (no helmet)
rElec   .            (no cloak)
rCorr   .            (no gloves)
SInv    .            g - +0 pair of boots
Will    .....        m - amulet of reflection
Stlth   +            e - +4 ring of protection
HPRegen 0.00/turn    o - ring of poison resistance
MPRegen 0.12/turn

%: reflection
@: flux-form, gold aura, sick, glowing, silenced
A: glow, contaminating, (nimble swimmer 2), mertail, deformed body, strong 1
a: Begin Untransformation, Renounce Religion


You were on level 2 of the Abyss.
You worshipped Gozag.
Gozag was pleased with you.
You were something dangerously unstable.
You visited 2 branches of the dungeon, and saw 10 of its levels.
You visited the Abyss 1 time.
You also visited: Ossuary.

You collected 970 gold pieces.
You spent 180 gold pieces at shops.
You paid 99 gold pieces to Gozag.

Inventory:

Hand Weapons
 a - a +0 scimitar of chaos
 s - a +1 whip of flaming
 G - a +4 scimitar of flaming
Armour
 f - a +1 chain mail of willpower
 g - a +0 pair of boots (worn)
 B - +2 swamp dragon scales (worn)
Jewellery
 e - a +4 ring of protection (left hand)
 m - an amulet of reflection (around neck)
 n - a ring of ice
 o - a ring of poison resistance (right hand)
 q - a +4 ring of protection
Talismans
 c - a beast talisman
 d - a flux talisman (active)
 x - a granite talisman
Wands
 l - a wand of flame (42)
 y - a wand of charming (6)
 A - a wand of polymorph (16)
Scrolls
 j - 10 scrolls of teleportation
 p - a scroll of fog
 r - 2 scrolls of poison
 w - 2 scrolls of fear
 C - a scroll of identify
 E - 2 scrolls of revelation
Potions
 b - 2 potions of lignification
 h - 2 potions of might
 i - 4 potions of curing
 k - 3 potions of attraction
 t - 2 potions of haste
 u - a potion of cancellation
 v - 4 potions of invisibility
 z - a potion of enlightenment
 D - a potion of ambrosia
 F - 2 potions of heal wounds
 H - a potion of brilliance


   Skills:
 * Level 9.2 Fighting
 - Level 1.4 Long Blades
 + Level 4.3 Armour
 + Level 8.0 Dodging
 * Level 9.7 Unarmed Combat
 * Level 10.8 Shapeshifting


You had 10 spell levels left.
You didn't know any spells.
Your spell library contained the following spells:

 Spells                   Type           Power      Damage    Failure   Level
 Magic Dart               Conj           0%         1d3       50%         1
 Sting                    Tmut/Pois      0%         1d3       50%         1
 Call Imp                 Summ           0%         N/A       65%         2
 Ensorcelled Hibernation  Hex/Ice        0%         N/A       65%         2
 Jinxbite                 Hex            0%         N/A       65%         2
 Poisonous Vapours        Pois/Air       0%         N/A       65%         2
 Call Canine Familiar     Summ           0%         N/A       86%         3
 Gell's Gravitas          Tloc           0%         N/A       86%         3
 Hailstorm                Conj/Ice       0%         3d3       86%         3
 Ignite Poison            Fire/Tmut/Pois 0%         N/A       86%         3
 Mephitic Cloud           Conj/Pois/Air  0%         N/A       86%         3
 Sigil of Binding         Hex            0%         N/A       86%         3
 Teleport Other           Tloc           0%         N/A       86%         3
 Anguish                  Hex/Necr       0%         N/A       99%         4
 Dimensional Bullseye     Hex/Tloc       0%         N/A       99%         4
 Leda's Liquefaction      Hex/Erth       0%         N/A       99%         4
 Olgreb's Toxic Radiance  Pois           0%         N/A       99%         4
 Sticky Flame             Conj/Fire      0%         2d3       99%         4
 Summon Ice Beast         Ice/Summ       0%         N/A       99%         4
 Dispersal                Tloc           0%         N/A       100%        6
 Ignition                 Fire           0%         3d3       100%        8
 Simulacrum               Ice/Necr       Unusable   N/A       N/A         6

Dungeon Overview and Level Annotations

Branches:
Dungeon (9/15)             Temple (1/1) D:6            Lair (0/5) D:8
Ossuary (visited)
    Orc: D:9-12

Altars:
Ashenzari
Cheibriados
Dithmenos
Elyvilon
Fedhas
Gozag
Hepliaklqana
Kikubaaqudgha
Makhleb
Nemelex Xobeh
Okawaru
Qazlal
Ru
Sif Muna
Trog
Uskayaw
Vehumet
Wu Jian
Xom
Yredelemnul
Zin
The Shining One

Shops:
D:3 (   D:7 *

Annotations:
D:6 3 runed translucent doors, wireframewife's ghost, novice FoFi
D:9 Erolcha


Innate Abilities, Weirdness & Mutations

You are something dangerously unstable.
You glow with magical radiation, making you easy to see and hit.
Foes you strike become dangerously contaminated with magical radiation.
You are incapable of wielding weapons or throwing items.
((You are very nimble when in or above water. (Stealth+, EV+, Speed+++)))
Your lower body shifts to a powerful aquatic tail in water.
Armour fits poorly on your strangely shaped body.
Your muscles are strong. (Str +4, Int/Dex -1)


Message History

The ancient zyme glows dangerously bright.
The ancient zyme is severely damaged.
You block the hell hog's attack. The ancient zyme hits you.
The ancient zyme misses you.
You hit the ancient zyme.
The ancient zyme shudders as magic cascades through it!!
You destroy the ancient zyme!
The hell hog bites you but does no damage.
Your Dodging skill increases to level 8!
You hit the hell hog but do no damage.
The hell hog glows dangerously bright.
The hell hog is lightly wounded.
The hell hog misses you.
A hell hog comes into view.
The hell hog bites you!
You barely miss the hell hog.
The hell hog is lightly wounded.
The hell hog breathes fire at you.
The fireball explodes!
The fireball engulfs the hell hog.
The hell hog completely resists.
The fireball engulfs you. The hell hog bites you!
You punch the hell hog!
The hell hog shudders as magic cascades through it!!!
The hell hog twists and deforms.
The hell hog is severely wounded.
The hell hog closely misses you.
The hell hog bites you but does no damage.
The hell hog bites you!
* * * LOW HITPOINT WARNING * * *
The hell hog bites you.
* * * LOW HITPOINT WARNING * * *
You see here 30 gold pieces.
You hit the hell hog.
The hell hog begins to glow.
The hell hog is severely wounded.
The hell hog misses you.
You completely miss the hell hog.
The hell hog is severely wounded.
The hell hog breathes fire at you.
The fireball explodes!
The fireball engulfs you!!
You die...
Your body crumbles into a pile of gold.

#.# #.#
... ##
#.# #
#.##.##.
# .....
8.h~.
#.# .#
.#
#.##.###
#


#$hhp# # ###### # . . . . . . You could see 2 hell hogs.

Vanquished Creatures
  The ghost of Demosthentine the Fighter, a novice DsGl of Hepliaklqana (D:8)
  Pikel (D:8)
  2 elephants (D:8)
  Maggie (D:8)
  Psyche (D:8)
  An efreet (Abyss:2)
  An ancient zyme (Abyss:2)
  A large abomination (Abyss:2)
  A shadow (D:8)
  A ynoxinul (Abyss:2)
  2 wyverns (D:8)
  A steam dragon (D:9)
  The ghost of intricategwyn the Insei, an amateur DgSh (D:4)
  4 black bears
  4 sky beasts
  2 ogres (D:5)
  3 centaurs
  5 bullfrogs (D:8)
  A kobold brigand (D:9)
  5 scorpions
  3 wyvern zombies (Ossuary)
  A wight (D:7)
  3 water moccasin zombies (Ossuary)
  A howler monkey (D:8)
  2 centaur zombies (Ossuary)
  4 bullfrog zombies (Ossuary)
  A hound (D:7)
  4 orc priests
  Jessica (D:3)
  3 iguanas
  14 mummies (Ossuary)
  Terence (D:3)
  A sleepcap (D:5)
  2 orc wizards
  A killer bee zombie (Ossuary)
  7 adders
  A white imp (D:7)
  2 ufetubi (D:6)
  3 worms
  A dart slug (D:3)
  16 orcs
  3 bats
  6 endoplasms
  2 giant cockroaches (D:1)
  6 hobgoblins
  11 kobolds
  2 quokkas (D:1)
  4 ball pythons
  3 frilled lizards
  5 goblins
  6 rats
159 creatures vanquished.

Notes
Turn   | Place    | Note
-------+----------+-------------------------------------------
     0 | D:1      | sammy202020 the Merfolk Shapeshifter began the quest for
                  | the Orb.
     0 | D:1      | Reached XP level 1. HP: 15/15 MP: 1/1
   141 | D:1      | Reached XP level 2. HP: 12/21 MP: 2/2
   544 | D:1      | Found a faded altar of an unknown god.
   895 | D:2      | Reached XP level 3. HP: 27/27 MP: 3/3
  1515 | D:3      | Noticed Terence
  1528 | D:3      | Killed Terence
  1529 | D:3      | Reached XP level 4. HP: 20/34 MP: 4/4
  1684 | D:3      | Noticed Jessica
  1690 | D:3      | Killed Jessica
  1927 | D:3      | Reached XP level 5. HP: 37/39 MP: 5/5
  2015 | D:3      | Reached skill level 1 in Armour
  2015 | D:3      | Reached skill level 5 in Shapeshifting
  2371 | D:3      | Found Xoogeo Jojui's Weapon Shop.
  2454 | D:4      | Found a large runed translucent door.
  2454 | D:4      | Found a large runed translucent door.
  2485 | D:4      | Noticed intricategwyn's ghost (amateur DgSh)
  2512 | D:4      | Killed intricategwyn's ghost
  2513 | D:4      | Reached XP level 6. HP: 45/47 MP: 6/6
  2809 | D:4      | Reached skill level 5 in Unarmed Combat
  2927 | D:4      | Reached XP level 7. HP: 44/53 MP: 7/7
  2957 | D:4      | Found a bloodstained altar of Trog.
  2970 | D:4      | Found a broken altar of Ashenzari.
  3054 | D:5      | Entered Level 5 of the Dungeon
  3188 | D:5      | Reached skill level 6 in Shapeshifting
  3808 | D:5      | Reached XP level 8. HP: 61/61 MP: 8/8
  4230 | D:6      | Reached skill level 5 in Fighting
  4574 | D:6      | Found a staircase to the Ecumenical Temple.
  4748 | D:6      | Reached skill level 5 in Dodging
  4748 | D:6      | Reached skill level 7 in Shapeshifting
  5014 | D:6      | Found a runed translucent gate.
  5015 | D:6      | Found a runed translucent gate.
  5016 | D:6      | Found a runed translucent gate.
  5016 | D:6      | Noticed wireframewife's ghost (novice FoFi)
  5083 | Temple   | Entered the Ecumenical Temple
  5281 | Temple   | Became a worshipper of Gozag Ym Sagoz the Greedy
  5652 | D:7      | Found Estar's General Store.
  5655 | D:7      | Bought 2 scrolls of enchant armour for 180 gold pieces
  6284 | D:8      | Found Jijonnim's Magic Scroll Emporium.
  6284 | D:8      | Noticed Maggie
  6284 | D:8      | Noticed a shadow
  6292 | D:8      | Noticed a wyvern
  6306 | D:8      | Killed Maggie
  6307 | D:8      | Reached skill level 8 in Shapeshifting
  6307 | D:8      | Reached XP level 9. HP: 37/69 MP: 9/9
  6607 | D:8      | Noticed an elephant
  6618 | D:8      | Killed an elephant
  6631 | D:8      | Noticed Psyche
  6648 | D:8      | Killed Psyche
  6706 | D:8      | Reached skill level 9 in Shapeshifting
  6720 | D:8      | Noticed an elephant
  6724 | D:8      | Reached XP level 10. HP: 62/79 MP: 10/10
  6734 | D:8      | Killed an elephant
  6822 | D:8      | Found a staircase to the Lair.
  6869 | D:8      | Found a sand-covered staircase.
  6895 | Ossuary  | Entered an ossuary
  7473 | Ossuary  | Gained mutation: Armour fits poorly on your strangely
                  | shaped body. [potion of mutation]
  7473 | Ossuary  | Gained mutation: Your muscles are strong. (Str +4, Int/Dex
                  | -1) [potion of mutation]
  7500 | D:8      | Noticed Pikel
  7516 | D:8      | Killed Pikel
  7517 | D:8      | Reached skill level 10 in Shapeshifting
  7892 | D:8      | Found a runed translucent door.
  8043 | D:8      | Noticed Demosthentine's ghost (novice DsGl)
  8074 | D:8      | Killed Demosthentine's ghost
  8075 | D:8      | Reached skill level 1 in Long Blades
  8245 | D:9      | Identified the "Zeydys"
  8405 | D:9      | Noticed Erolcha
  8423 | Abyss:2  | Cast into level 2 of the Abyss (Erolcha)
  8427 | Abyss:2  | Reached XP level 11. HP: 22/89 MP: 11/11
  8524 | Abyss:2  | Noticed a hell hog
  8534 | Abyss:2  | Noticed a hell hog
  8541 | Abyss:2  | Killed from afar by a hell hog

Illustrated notes

Levels and vault maps discovered:
D:1:      dpeg_arrival_boxorama, layout_basic,
          dreamdust_ecumenical_altar_hidden_monk_grotto
D:2:      layout_rooms, kennysheep_generic_room_16
D:3:      layout_loops_ring, serial_shops, nicolae_shop_bloodbath_and_beyond,
          uniq_terence, uniq_jessica
D:4:      layout_basic, mainiacjoe_overflow_large_starburst,
          ebering_ghost_disaster_area
D:5:      layout_loops_cross, st_stairs_11, serial_park_tiny_1
D:6:      layout_cave_pools, minmay_temple_entry_glassed_door, serial_park,
          serial_park_tiny_1, serial_park_avenue1, serial_park_gazebo
          [serial_park_minivault_5x5_3], serial_park_square2,
          serial_park_tiny_1, portal_sewer_entry_b, ebering_ghost_rock_garden,
          uniq_blork_the_orc
D:7:      layout_basic, serial_shops, kennysheep_mini, st_stairs_6
D:8:      layout_basic, grunt_lair_entry_orc_guard_hut, enter_ossuary_3,
          serial_shops, shop, ebering_ghost_reflecting_pool, uniq_pikel,
          uniq_maggie, uniq_psyche
D:9:      layout_cave_pools, orc_0_dummy, uniq_harold, uniq_erolcha
Temple:   nicolae_temple_slightly_damp_pantheon
Abyss:2:  base: D:1, hangedman_cross_veins

Skill      XL: |  1  2  3  4  5  6  7  8  9 10 11 |
---------------+----------------------------------+-----
Fighting       | 2 3 4 6 7 9 |  9.2
Dodging        | 3 4 5 6 7 8 |  8.0
Unarmed Combat | 4 5 7 8 9 |  9.7
Armour         | 1 2 3 4 |  4.3
Shapeshifting  | 5 6 8 9 10 | 10.8
Long Blades    | 1 |  1.4

Action                     |  1- 3 |  4- 6 |  7- 9 | 10-12 || total
---------------------------+-------+-------+-------+-------++-------
  Melee: Unarmed           |    92 |   118 |   237 |   261 ||   708
         Punch             |       |     1 |     5 |       ||     6
         Tailslap          |       |       |       |    17 ||    17
    Use: Scroll            |     8 |     1 |     7 |    10 ||    26
         Potion            |       |     1 |     1 |     1 ||     3
   Stab: Sleeping          |     1 |       |       |     1 ||     2
 Armour: Animal skin       |    29 |       |       |       ||    29
         Ring mail         |    12 |    30 |       |       ||    42
         Chain mail        |       |    25 |   170 |       ||   195
         Swamp dragon scal |       |       |    43 |   137 ||   180
  Dodge: Dodged            |    50 |    40 |   139 |   129 ||   358
  Block: Other             |       |    18 |    65 |    41 ||   124
         Reflection        |       |       |     5 |     1 ||     6
   Form: Flux              |       |       |     1 |       ||     1

Table legend: (Time is in decaauts)
 A = Elapsed time spent in this place.
 B = Non-inter-level travel time spent in this place.
 C = Inter-level travel time spent in this place.
 D = Time resting spent in this place.
 E = Time spent auto-exploring this place.
 F = Levels seen in this place.
 G = Mean time per level.
                   A        B        C        D        E       F      G
               +--------+--------+--------+--------+--------+-----+--------+
         Total |   8398 |   8342 |     56 |   1576 |   4709 |  12 |  699.8 |
       Dungeon |   7519 |   7463 |     56 |   1505 |   4360 |   9 |  835.4 |
        Temple |    236 |    236 |      0 |      0 |      0 |   1 |  236.0 |
         Abyss |    113 |    113 |      0 |     71 |      0 |   1 |  113.0 |
       Ossuary |    528 |    528 |      0 |      0 |    349 |   1 |  528.0 |
               +--------+--------+--------+--------+--------+-----+--------+

Top non-repeatable levels by time:
     D:8: 1399 daAuts
     D:5: 1148 daAuts
     D:3: 983 daAuts
     D:6: 908 daAuts
     D:7: 855 daAuts
     D:1: 823 daAuts
     D:2: 631 daAuts
     D:4: 595 daAuts
 Ossuary: 528 daAuts
  Temple: 236 daAuts
     D:9: 171 daAuts
 Abyss:2: 113 daAuts
